 Dungeon Crawl Stone Soup version 0.21-a0-525-ga34b322 (webtiles) character file.

1940 slep the Cleaver (level 8, -4/61 HPs)
             Began as a Demonspawn Gladiator on Dec 8, 2017.
             Was an Initiate of Okawaru.
             Slain by a gnoll sergeant
             ... wielding a +1 vampiric spear
              (7 damage)
             ... on level 7 of the Dungeon.
             The game lasted 00:19:57 (5881 turns).

slep the Cleaver (Demonspawn Gladiator)             Turns: 5881, Time: 00:19:57

Health: -4/61      AC:  4    Str: 17    XL:     8   Next: 98%
Magic:  8/8        EV: 15    Int:  9    God:    Okawaru [......]
Gold:   269        SH:  0    Dex: 15    Spells: 7/7 levels left

rFire    . . .     SeeInvis .   a - +0 war axe
rCold    . . .     Gourm    .   (no shield)
rNeg     . . .     Faith    .   y - +0 robe (curse)
rPois    .         Spirit   .   (helmet restricted)
rElec    .         Reflect  .   (no cloak)
rCorr    .         Harm     .   (no gloves)
MR       +....                  (no boots)
Stlth    +.........             (no amulet)
HPRegen  0.20/turn              v - ring of protection from magic
MPRegen  0.11/turn              i - ring of loudness (curse)

@: hasted, very quick
A: horns 2, molten scales 1, powered by death 1, spiny 2
a: Renounce Religion


You were on level 7 of the Dungeon.
You worshipped Okawaru.
Okawaru was noncommittal.
You were hungry.

You visited 2 branches of the dungeon, and saw 8 of its levels.
You also visited: Sewer.

You collected 269 gold pieces.

Inventory:

Hand Weapons
 a - a +0 war axe (weapon)
 w - a +2 vampiric hand axe
Missiles
 d - 4 throwing nets
 j - 7 javelins of returning (quivered)
Armour
 b - a +0 leather armour
 c - a +0 helmet
 y - a cursed +0 robe (worn)
Jewellery
 i - a cursed ring of loudness (right hand)
 m - a +3 ring of protection
 v - a ring of protection from magic (left hand)
 G - an uncursed ring of poison resistance {unknown}
 H - the ring "Iweubu" {Ice rElec Str-4 Int+5, unknown}
   (You found it on level 7 of the Dungeon)

   [ring of ice]

   It enhances your ice magic.
   It affects your strength (-4).
   It affects your intelligence (+5).
   It makes you vulnerable to fire.
   It protects you from cold.
   It insulates you from electricity.
Wands
 x - a wand of flame (54)
 A - a wand of paralysis (12)
 C - a wand of acid (9)
Scrolls
 e - 4 scrolls of remove curse {unknown}
 h - 7 scrolls of magic mapping {unknown}
 l - 6 scrolls of identify {unknown}
 n - a scroll of noise {unknown}
 o - 3 scrolls of amnesia {unknown}
 p - a scroll of immolation {unknown}
 q - 2 scrolls of teleportation {unknown}
 r - 2 scrolls of fog {unknown}
 s - a scroll of fear {unknown}
 B - a scroll of enchant weapon {unknown}
Potions
 g - 3 potions of curing
 t - a potion of agility {unknown}
 z - 2 potions of mutation {unknown}
 D - a potion of invisibility {unknown}
 E - a potion of degeneration {unknown}
Books
 F - a book of Changes

   Spells                             Type                      Level
   a - Beastly Appendage              Transmutation                1
   b - Sticks to Snakes               Transmutation                2
   c - Spider Form                    Transmutation/Poison         3
   d - Ice Form                       Ice/Transmutation            4
   e - Blade Hands                    Transmutation                5
Comestibles
 f - 6 bread rations
 k - 2 meat rations


   Skills:
 + Level 4.9 Fighting
 + Level 8.3 Axes
 + Level 2.3 Throwing
 + Level 2.5 Armour
 + Level 5.0 Dodging
 + Level 2.1 Stealth
 + Level 0.4 Evocations


You had 7 spell levels left.
You didn't know any spells.

Dungeon Overview and Level Annotations

Branches:
Dungeon (7/15)             Temple (1/1) D:7

Altars:
Ashenzari
Cheibriados
Elyvilon
Fedhas
Hepliaklqana
Kikubaaqudgha
Nemelex Xobeh
Okawaru
Qazlal
Sif Muna
Trog
Uskayaw
Vehumet
Xom
Yredelemnul
The Shining One


Innate Abilities, Weirdness & Mutations

You have a pair of horns on your head.
You are partially covered in molten scales. (AC +2)
You regenerate a little health from kills.
You are mostly covered in sharp spines.


Message History

You see here a spear.
You closely miss the gnoll sergeant. You headbutt the gnoll sergeant.
The gnoll sergeant is lightly wounded.
The gnoll sergeant hits you with a vampiric spear!
* * * LOW HITPOINT WARNING * * *
You barely miss the gnoll sergeant.
You headbutt the gnoll sergeant, but do no damage.
The gnoll sergeant is lightly wounded.
You hit the gnoll sergeant but do no damage.
You headbutt the gnoll sergeant, but do no damage.
The gnoll sergeant is lightly wounded.
The gnoll sergeant hits you with a vampiric spear.
* * * LOW HITPOINT WARNING * * *
The gnoll sergeant draws strength from your wounds!
You hit the gnoll sergeant.
You headbutt the gnoll sergeant, but do no damage.
The gnoll sergeant is moderately wounded.
The gnoll sergeant is struck by your spines.
The gnoll sergeant hits you with a vampiric spear!
You die...

#.#
#########...
#)# #....
#.# #####
#.# # #.###
# #...# #
###.#
####### #)#
#...... #@#
#....[. #g#
#...... #g#
#...... #g#
#...... #.#
#...... #.#
#...... #.#
####.## #.#
######.รท#
.#.......(


You could see a gnoll sergeant and 2 gnolls.

Vanquished Creatures
  Sigmund (D:5)
  Menkaure (D:5)
  An ice beast (D:7)
  3 ogres
  A centaur (D:5)
  A crocodile (D:7)
  4 bullfrogs (D:6)
  A water moccasin zombie (D:6)
  3 electric eels (D:3)
  3 crimson imps
  A quasit (D:6)
  A hound (D:5)
  A bullfrog skeleton (D:4)
  3 jellies
  An orc priest (D:4)
  3 worker ants (D:6)
  An iguana (D:4)
  A worker ant zombie (D:6)
  Robin (D:3)
  2 gnolls (D:7)
  8 adders
  3 river rats (Sewer)
  A shadow imp (D:6)
  2 adder zombies (D:5)
  2 worms (D:2)
  An adder skeleton (D:4)
  2 dart slugs
  2 leopard geckos
  12 orcs
  9 ball pythons
  3 giant cockroaches
  16 goblins
  17 hobgoblins
  7 jackals
  4 quokkas
  10 bats
  10 frilled lizards
  10 kobolds
  A quokka skeleton (D:4)
  31 rats
  2 bushes (D:1)
  2 plants (D:1)
189 creatures vanquished.

Notes
Turn   | Place    | Note
-------+----------+-------------------------------------------
     0 | D:1      | slep the Demonspawn Gladiator began the quest for the Orb.
     0 | D:1      | Reached XP level 1. HP: 16/16 MP: 1/1
   196 | D:1      | Gained mutation: You are partially covered in molten scales. (AC +2) [demonic ancestry]
   196 | D:1      | Reached XP level 2. HP: 12/22 MP: 2/2
   367 | D:1      | Reached skill level 3 in Axes
   538 | D:1      | Gained mutation: You have a pair of small horns on your head. [demonic ancestry]
   538 | D:1      | Reached XP level 3. HP: 24/27 MP: 3/3
  1094 | D:2      | Found a shattered altar of Ashenzari.
  1413 | D:2      | Reached skill level 1 in Armour
  1413 | D:2      | Gained mutation: You have a pair of horns on your head. [demonic ancestry]
  1413 | D:2      | Reached XP level 4. HP: 25/33 MP: 4/4
  1661 | D:3      | Found a transporter.
  1680 | D:3      | Found an ancient bone altar of Kikubaaqudgha.
  1729 | D:3      | Found a transporter.
  1766 | D:3      | Noticed Robin
  1775 | D:3      | Killed Robin
  1775 | D:3      | Reached skill level 4 in Axes
  1789 | D:3      | Found a snail-covered altar of Cheibriados.
  1994 | D:3      | Found a glowing drain.
  2023 | Sewer    | Entered a sewer
  2033 | Sewer    | Reached XP level 5. HP: 39/39 MP: 5/5
  3114 | D:3      | Gained mutation: You regenerate a little health from kills. [demonic ancestry]
  3114 | D:3      | Reached XP level 6. HP: 46/46 MP: 6/6
  3203 | D:4      | Reached skill level 1 in Stealth
  3370 | D:4      | Reached skill level 5 in Axes
  3517 | D:4      | Found a shimmering altar of Xom.
  3519 | D:4      | Found a shimmering altar of Xom.
  3519 | D:4      | Found a shimmering altar of Xom.
  3519 | D:4      | Found a shimmering altar of Xom.
  3519 | D:4      | Found a shimmering altar of Xom.
  3523 | D:4      | Found a shimmering altar of Xom.
  3523 | D:4      | Found a shimmering altar of Xom.
  3773 | D:4      | Gained mutation: You are partially covered in sharp spines. [demonic ancestry]
  3773 | D:4      | Reached XP level 7. HP: 48/52 MP: 7/7
  4081 | D:5      | Entered Level 5 of the Dungeon
  4142 | D:5      | Noticed Menkaure
  4149 | D:5      | Killed Menkaure
  4263 | D:5      | Reached skill level 6 in Axes
  4276 | D:5      | Noticed Sigmund
  4295 | D:5      | Killed Sigmund
  4450 | D:5      | Found a blossoming altar of Fedhas.
  4450 | D:5      | Found a faded altar of an unknown god.
  4456 | D:5      | Found a hazy altar of Hepliaklqana.
  4458 | D:5      | Found a hide-covered altar of Uskayaw.
  4460 | D:5      | Found a sparkling altar of Nemelex Xobeh.
  4645 | D:5      | Found a stormy altar of Qazlal.
  4675 | D:6      | Gained mutation: You are mostly covered in sharp spines. [demonic ancestry]
  4675 | D:6      | Reached XP level 8. HP: 53/60 MP: 8/8
  4704 | D:6      | Reached skill level 7 in Axes
  5384 | D:6      | Reached skill level 8 in Axes
  5796 | D:7      | Got an ancient platinum ring
  5827 | D:7      | Found a staircase to the Ecumenical Temple.
  5832 | Temple   | Entered the Ecumenical Temple
  5837 | Temple   | Became a worshipper of Warmaster Okawaru
  5858 | D:7      | Reached skill level 5 in Dodging
  5880 | D:7      | HP: 3/61 [gnoll sergeant/vampiric spear (1)]
  5881 | D:7      | Slain by a gnoll sergeant

Vault maps used:
D:1:      nagdon_arrival_zigzag_paths, serial_forest, infiniplex_forest_lined_3,
          infiniplex_forest_lined_2, infiniplex_forest_lined_2,
          infiniplex_forest_clump_tiny, infiniplex_forest_end_2,
          infiniplex_forest_3_way, infiniplex_forest_straight_2,
          infiniplex_forest_lined_2, minmay_crystal_water
D:2:      first_bread, minmay_misc_feat_plants, ashenzari_altar_1
D:3:      gammafunk_steamed_eel, lemuel_coloured_pillars_altar,
          overflow_temple_1_default, serial_bayou, serial_bayou_ford_a,
          serial_bayou_lagoon_a, serial_bayou_pond_e, serial_bayou_pond_e,
          portal_sewer_entry_c, uniq_robin
D:4:      cheibrodos_greedy_goblins, nicolae_xom_altar_mimics
D:5:      chequers_temple_overflow_minitemple, grunt_qazlal_clouds,
          uniq_menkaure, uniq_sigmund
D:7:      temple_doors_cd, serial_shops,
          nicolae_shop_temple_entry_statues_fountains, shop
Temple:   cyrus_circular_temple
Sewer:    sewer_co_cracked_pipes

Skill      XL: |  1  2  3  4  5  6  7  8 |
---------------+-------------------------+-----
Axes           | 3 4 5 6 8 |  8.3
Dodging        | 3 4 5 |  5.0
Armour         | 1 2 |  2.5
Stealth        | 1 2 |  2.1
Fighting       | 3 4 |  4.9
Throwing       | 2 |  2.3
Evocations     | |  0.4

Action                   |  1- 3 |  4- 6 |  7- 9 || total
-------------------------+-------+-------+-------++-------
Melee: War axe           |   205 |   190 |   110 ||   505
       Headbutt          |    38 |    41 |    22 ||   101
Throw: Javelin           |       |       |    12 ||    12
Evoke: Wand              |       |     5 |       ||     5
  Use: Potion            |       |       |     5 ||     5
 Stab: Sleeping          |     1 |       |       ||     1
  Eat: Chunk             |     2 |     8 |     6 ||    16
Armor: Leather armour    |    34 |    67 |     3 ||   104
       Robe              |       |       |    17 ||    17
Dodge: Dodged            |    93 |   133 |    78 ||   304

Table legend:
 A = Spawn XP
 B = Non-spawn XP
 C = Spawn XP percentage of total XP
 D = Spawn monster count
 E = Non-spawn monster count
 F = Spawn count percentage of total count
 G = Total turns spent on level
                    A         B        C        D         E        F      G
               +---------+---------+-------+---------+---------+-------+---------
         Total |       0 |    2772 |   0.0 |       0 |     185 |   0.0 |  5881
               +---------+---------+-------+---------+---------+-------+---------
           D:1 |       0 |      44 |   0.0 |       0 |      26 |   0.0 |   921
           D:2 |       0 |      83 |   0.0 |       0 |      26 |   0.0 |   622
           D:3 |       0 |     230 |   0.0 |       0 |      36 |   0.0 |  1280
           D:4 |       0 |     325 |   0.0 |       0 |      33 |   0.0 |   890
           D:5 |       0 |     650 |   0.0 |       0 |      11 |   0.0 |   586
           D:6 |       0 |     880 |   0.0 |       0 |      17 |   0.0 |  1002
           D:7 |       0 |     491 |   0.0 |       0 |       9 |   0.0 |   201
         Sewer |       0 |      69 |   0.0 |       0 |      27 |   0.0 |   368
               +---------+---------+-------+---------+---------+-------+---------
